[Event "Titled Tuesday Blitz May 9 Early 2023"]
[White "Shuvalova, Polina"]
[Black "HamedWafa4"]
[WhiteFideId "24171760"]
[WhiteElo "2281"]
[BlackElo "2522"]
[Result "0-1"]
[Round "04"]
[TimeControl "180+2"]
[Date "2023.05.09"]
[WhiteClock "0:00:01"]
[BlackClock "0:00:05"]

1. Nf3 Nf6 2. c4 g6 3. b3 Bg7 4. Bb2 O-O 5. e3 d6 6. Be2 Nbd7 7. O-O e5 8. d4 Re8 9. Nc3 b6 10. dxe5 dxe5 11. Qc2 c6 12. Rfd1 Qc7 13. Ng5 Nc5 14. b4 Ne6 15. Nge4 Nxe4 16. Nxe4 Ba6 17. Rac1 Rad8 18. c5 Bxe2 19. Qxe2 bxc5 20. bxc5 Rxd1+ 21. Rxd1 Rd8 22. Rd6 Rb8 23. h3 Nxc5 24. Nf6+ Bxf6 25. Rxf6 Ne6 26. Qc2 Qa5 27. Qc3 Qxa2 28. Bc1 Qd5 29. Bb2 Qb5 30. Ba1 a5 31. Kh2 a4 32. f4 Qd5 33. fxe5 Rb3 34. Qc2 Rxe3 35. Rf1 Rd3 36. Rc1 Rd2 37. Qxc6 Rxg2+ 38. Kh1 Qxc6 39. Rxc6 Ra2 40. Bc3 a3 41. Ra6 h5 42. Kg1 Kg7 43. h4 g5 44. hxg5 Kg6 45. Kf1 Kxg5 46. Bb4 Ra1+ 47. Kf2 a2 48. Bc3 Rh1 49. Bd2+ Kf5 50. Rxa2 Kxe5 51. Ra5+ Kf6 52. Kg2 Rd1 53. Be3 Rd3 54. Kf3 Rb3 55. Ke4 Rb4+ 56. Kf3 h4 57. Rh5 Kg6 58. Rh6+ Kf5 59. Rh5+ Kf6 60. Rh6+ Kg7 61. Rh5 Nf8 62. Rg5+ Ng6 63. Rg4 Rb3 64. Kf2 Kf6 65. Rg1 Ne5 66. Ke2 Rb2+ 67. Kd1 Kf5 68. Rf1+ Ke4 69. Bg5 Nf3 70. Bf6 Rb1+ 71. Ke2 Nd4+ 72. Kf2 Rb2+ 73. Kg1 Ne2+ 74. Kh2 Rc2 75. Kh3 Ng3 76. Re1+ Kf5 77. Bxh4 Ne4 78. Rf1+ Ke5 79. Re1 f5 80. Bg3+ Ke6 81. Bf4 Rc3+ 82. Kg2 Rc2+ 83. Kf3 Rf2+ 84. Ke3 Ra2 85. Rb1 Ra3+ 86. Kd4 Ra4+ 87. Ke3 Ra6 88. Rb5 Ra3+ 89. Kd4 Ra4+ 90. Ke3 Nc3 91. Rb6+ Kd5 92. Rf6 Nd1+ 93. Kf3 Ra3+ 94. Ke2 Nc3+ 95. Kf1 Ke4 96. Bd2 Nd5 97. Ke2 Nxf6 0-1


[Site "https://www.chess.com"]

[Event "Titled Tuesday Blitz May 9 Early 2023"]
[White "Harshavardhan G B"]
[Black "Rodchenkov, Sergey D."]
[WhiteFideId "25059009"]
[BlackFideId "4168712"]
[WhiteElo "2323"]
[BlackElo "2277"]
[Result "1-0"]
[Round "04"]
[TimeControl "180+2"]
[Date "2023.05.09"]
[WhiteClock "0:01:43"]
[BlackClock "0:00:16"]

1. e4 c5 2. Nc3 d6 3. d4 cxd4 4. Qxd4 Nf6 5. b3 Nc6 6. Qd2 g6 7. Bb2 Bg7 8. O-O-O O-O 9. f4 a5 10. a4 Bg4 11. Be2 Rc8 12. Kb1 Nb4 13. Bxg4 Nxg4 14. h3 Nf2 15. Qxf2 Bxc3 16. Bxc3 Rxc3 17. Rd2 Qc7 18. Nf3 Rc8 19. Nd4 Qc5 20. Rf1 Nc6 21. Nb5 Qxf2 22. Rfxf2 Re3 23. Rde2 Rg3 24. Kb2 Nb4 25. Rd2 Kg7 26. Rfe2 h5 27. e5 dxe5 28. fxe5 e6 29. Rd7 Nd5 30. Rf2 Kh6 31. Nd6 Rf8 32. Nxf7+ Rxf7 33. Rdxf7 Ne3 34. R2f3 1-0


[Site "https://www.chess.com"]

[Event "Titled Tuesday Blitz May 9 Early 2023"]
[White "surrenderPLS"]
[Black "Schmakel, Sam"]
[BlackFideId "2039311"]
[WhiteElo "2519"]
[BlackElo "2356"]
[Result "0-1"]
[Round "04"]
[TimeControl "180+2"]
[Date "2023.05.09"]
[WhiteClock "0:00:03"]
[BlackClock "0:00:56"]

1. e4 g6 2. d4 Bg7 3. Nc3 d6 4. Nf3 a6 5. Be3 b5 6. a3 Bb7 7. Qd2 Nd7 8. O-O-O Rc8 9. h4 h6 10. d5 c5 11. dxc6 Bxc6 12. Nd4 Bb7 13. f3 h5 14. Be2 Ngf6 15. Kb1 Ne5 16. Bg5 Nc4 17. Qe1 Qb6 18. Rf1 O-O 19. Bxc4 Rxc4 20. Be3 Qc7 21. Rg1 Rc8 22. Nde2 b4 23. axb4 Rxb4 24. g4 hxg4 25. fxg4 Nxe4 26. Bd4 Bxd4 27. Rxd4 Nxc3+ 28. Qxc3 Qxc3 29. Rxb4 Qxb4 30. h5 Be4 31. Nc3 Rxc3 0-1


[Site "https://www.chess.com"]

[Event "Titled Tuesday Blitz May 9 Early 2023"]
[White "Petrovic, Aleksa"]
[Black "Zhu, Jiner"]
[WhiteFideId "967629"]
[BlackFideId "8608059"]
[WhiteElo "2309"]
[BlackElo "2384"]
[Result "0-1"]
[Round "04"]
[TimeControl "180+2"]
[Date "2023.05.09"]
[WhiteClock "0:00:02"]
[BlackClock "0:00:18"]

1. e4 e5 2. Nf3 Nc6 3. Bc4 Bc5 4. c3 Nf6 5. d4 exd4 6. cxd4 Bb4+ 7. Nc3 Nxe4 8. O-O Bxc3 9. bxc3 d5 10. Ba3 dxc4 11. Re1 f5 12. Nd2 Kf7 13. Nxe4 fxe4 14. Rxe4 Qf6 15. Qe2 Bf5 16. Qxc4+ Kg6 17. Rf4 Rhe8 18. Kh1 Qe6 19. Qf1 Qe2 20. Qg1 h6 21. f3 Bd3 22. h4 Kh7 23. Rf7 Na5 24. d5 Qe5 25. Qf2 Nc4 26. Bc5 Qxd5 27. Rxc7 Rac8 28. Rxc8 Rxc8 29. Bxa7 Nd6 30. Bd4 Nf5 31. Rd1 Qc4 32. g4 Nxd4 33. Qxd4 Qxd4 34. cxd4 Bc4 35. Rd2 Rd8 36. Kg2 Ra8 37. d5 Rxa2 38. Rxa2 Bxa2 39. d6 Be6 40. Kf2 b5 41. Ke3 Bd7 42. Kd4 Kg8 43. Kc5 Kf7 44. h5 Ke6 45. f4 Kf6 46. g5+ hxg5 47. fxg5+ Kxg5 48. Kb6 b4 49. Kc7 Bg4 0-1


[Site "https://www.chess.com"]

[Event "Titled Tuesday Blitz May 9 Early 2023"]
[White "Leiva, Gianmarco"]
[Black "Chernomordik, Pavel"]
[WhiteFideId "3804399"]
[BlackFideId "2804530"]
[WhiteElo "2365"]
[BlackElo "2193"]
[Result "1-0"]
[Round "04"]
[TimeControl "180+2"]
[Date "2023.05.09"]
[WhiteClock "0:00:17"]
[BlackClock "0:00:00"]

1. e4 g6 2. d4 Bg7 3. Nc3 d6 4. Bc4 e6 5. Nf3 a6 6. a4 b6 7. Bg5 Ne7 8. Qd2 h6 9. Be3 g5 10. g4 Ng6 11. O-O-O Bb7 12. Bd3 Nd7 13. h4 gxh4 14. Rh3 c5 15. d5 exd5 16. exd5 Nde5 17. Nxe5 Nxe5 18. Be2 Ng6 19. f4 Qf6 20. f5 Ne7 21. Rf1 Nxd5 22. g5 hxg5 23. Bxg5 Qxg5 24. Qxg5 Bh6 25. Qxh6 Rxh6 26. Bf3 Nf4 27. Bxb7 Nxh3 28. Bxa8 Ng5 29. Ne4 Nxe4 30. Bxe4 Kd7 31. Bb7 a5 32. Kd2 h3 33. Kc3 Rh4 34. Kb3 Rb4+ 35. Ka3 Rh4 36. Bd5 f6 37. c3 h2 38. Kb3 c4+ 39. Kc2 1-0


[Site "https://www.chess.com"]

[Event "Titled Tuesday Blitz May 9 Early 2023"]
[White "Shuvalov, Evgenij"]
[Black "Mirzoev, Azer"]
[WhiteFideId "4187237"]
[BlackFideId "13400304"]
[WhiteElo "2080"]
[BlackElo "2525"]
[Result "1-0"]
[Round "04"]
[TimeControl "180+2"]
[Date "2023.05.09"]
[WhiteClock "0:00:44"]
[BlackClock "0:00:00"]

1. d4 c6 2. c4 d5 3. cxd5 cxd5 4. Nf3 Nc6 5. Nc3 Nf6 6. Bf4 e6 7. e3 Bd6 8. Bg3 O-O 9. Bd3 Nb4 10. Bb1 b6 11. a3 Nc6 12. Qc2 Bb7 13. Bh4 g6 14. O-O Rc8 15. Qe2 Be7 16. Bd3 Na5 17. Ne5 Ne4 18. Bxe7 Qxe7 19. Bxe4 dxe4 20. h3 f6 21. Ng4 Kg7 22. Rfd1 h5 23. Nh2 Nc4 24. Rac1 Nd6 25. Nf1 Rfd8 26. Ng3 h4 27. Nf1 g5 28. Nd2 Qd7 29. Qg4 Nf7 30. Qe2 f5 31. f3 exf3 32. Nxf3 Qe7 33. e4 g4 34. hxg4 fxg4 35. Nh2 g3 36. Nf3 Qf6 37. Rf1 Rh8 38. Ne5 1-0


[Site "https://www.chess.com"]

[Event "Titled Tuesday Blitz May 9 Early 2023"]
[White "Perez Gormaz, Matias"]
[Black "Nguyen Hong Nhung"]
[WhiteFideId "3406342"]
[BlackFideId "12412201"]
[WhiteElo "2362"]
[BlackElo "1996"]
[Result "0-1"]
[Round "04"]
[TimeControl "180+2"]
[Date "2023.05.09"]
[WhiteClock "0:00:02"]
[BlackClock "0:00:15"]

1. e4 c5 2. Nf3 e6 3. g3 Nc6 4. Bg2 Nf6 5. Qe2 Be7 6. e5 Nd5 7. O-O d6 8. exd6 Qxd6 9. Rd1 O-O 10. d4 Qc7 11. c4 Nf6 12. Nc3 cxd4 13. Nxd4 Nxd4 14. Rxd4 e5 15. Nb5 Qc5 16. Rh4 a6 17. Be3 Qb4 18. Nc7 Rb8 19. Qc2 g6 20. Nd5 Nxd5 21. Bxd5 Bxh4 22. gxh4 Bf5 23. Qc1 b5 24. a3 Qd6 25. Bh6 Rfe8 26. Bg2 Rbc8 27. b3 bxc4 28. bxc4 Qd4 29. Ra2 Rxc4 30. Qg5 Qd1+ 31. Bf1 Rg4+ 32. Qxg4 Qxg4+ 0-1


[Site "https://www.chess.com"]

[Event "Titled Tuesday Blitz May 9 Early 2023"]
[White "Baches Garcia, Guillermo"]
[Black "Averjanov, Alexey"]
[WhiteFideId "2209764"]
[BlackFideId "14109867"]
[WhiteElo "2515"]
[BlackElo "2697"]
[Result "0-1"]
[Round "04"]
[TimeControl "180+2"]
[Date "2023.05.09"]
[WhiteClock "0:00:00"]
[BlackClock "0:00:59"]

1. e4 c6 2. d4 d5 3. e5 Bf5 4. h4 h5 5. Bd3 Bxd3 6. Qxd3 e6 7. Nf3 Qa5+ 8. Nbd2 Qa6 9. c4 Bb4 10. O-O Nh6 11. b3 Nf5 12. a3 Nd7 13. Rb1 Bxd2 14. Qxd2 dxc4 15. bxc4 Nb6 16. c5 Nd5 17. Qb2 Rb8 18. Bg5 O-O 19. Rfd1 b6 20. Qc2 Qxa3 21. cxb6 Rxb6 22. Rxb6 axb6 23. Qxc6 Qb3 24. Rc1 b5 25. Qc5 Ra8 26. Bd2 Qd3 27. Ng5 Rf8 28. Nf3 b4 29. Bg5 Ra8 30. Qc6 Qa6 31. Qd7 b3 32. Rc7 Nxc7 0-1


[Site "https://www.chess.com"]

[Event "Titled Tuesday Blitz May 9 Early 2023"]
[White "Rengifo Blancas, Renzo Jhonathan"]
[Black "Lavrik, Dmitry"]
[WhiteFideId "3807185"]
[BlackFideId "24113190"]
[WhiteElo "2085"]
[BlackElo "2345"]
[Result "0-1"]
[Round "04"]
[TimeControl "180+2"]
[Date "2023.05.09"]
[WhiteClock "0:00:06"]
[BlackClock "0:00:16"]

1. e4 c5 2. d4 cxd4 3. c3 dxc3 4. Nxc3 Nc6 5. Nf3 g6 6. Bc4 Bg7 7. Qb3 Na5 8. Qa4 Nxc4 9. Qxc4 d6 10. O-O Nf6 11. Rd1 Be6 12. Qb5+ Qd7 13. Qxd7+ Nxd7 14. Bg5 h6 15. Bh4 g5 16. Bg3 O-O 17. Nd4 Rac8 18. Nd5 Bxd5 19. exd5 Bxd4 20. Rxd4 f5 21. f4 Rc2 22. Rb4 Nc5 23. Re1 Nd3 24. Rxb7 Nxe1 25. Bxe1 Kf7 26. fxg5 Rg8 27. Bg3 Rxg5 28. Bxd6 Rgxg2+ 29. Kf1 Rcf2+ 30. Ke1 Rxb2 31. Rxe7+ Kg6 32. Kf1 Rbf2+ 33. Ke1 Rxa2 34. Kf1 Rgd2 35. Re6+ Kg5 36. h4+ Kg4 37. Bb4 Rxd5 38. Be1 h5 39. Rg6+ Kf3 40. Rg5 Ra1 41. Rg3+ Ke4 42. Ke2 Ra2+ 43. Kf1 f4 44. Rb3 Rd1 45. Rb4+ Kf3 46. Rb3+ Kg4 47. Rc3 Raa1 48. Rc2 Rxe1+ 49. Kg2 Reb1 50. Kf2 Ra3 51. Ke2 Re3+ 52. Kd2 Kxh4 53. Rc4 Kg3 54. Kc2 Rb6 55. Rc5 h4 56. Rg5+ Kf3 57. Kd2 Rd6+ 58. Kc1 Re7 59. Kb2 Rc7 60. Kb3 Rb6+ 61. Ka4 Rc1 62. Rb5 Ra1+ 63. Kb4 Rxb5+ 64. Kxb5 Ke3 65. Kc4 f3 0-1


[Site "https://www.chess.com"]

[Event "Titled Tuesday Blitz May 9 Early 2023"]
[White "cristianserban1"]
[Black "Sammed Jaykumar, Shete"]
[BlackFideId "5073421"]
[WhiteElo "2478"]
[BlackElo "2278"]
[Result "0-1"]
[Round "04"]
[TimeControl "180+2"]
[Date "2023.05.09"]
[WhiteClock "0:00:00"]
[BlackClock "0:01:22"]

1. d4 Nf6 2. Bf4 d6 3. Nc3 c6 4. e4 Qb6 5. Rb1 g6 6. h3 Bg7 7. Nf3 O-O 8. Be2 d5 9. e5 Ne4 10. Nxe4 dxe4 11. Ng5 Rd8 12. c3 c5 13. d5 Nc6 14. e6 fxe6 15. Bc4 Na5 16. b3 Nxc4 17. bxc4 Bxc3+ 18. Kf1 Qa6 19. h4 Qxc4+ 20. Kg1 Rxd5 21. Qc1 e5 22. Be3 Bg4 23. h5 Rd1+ 24. Qxd1 Bxd1 25. Rxd1 Bd4 26. hxg6 hxg6 0-1


[Site "https://www.chess.com"]

[Event "Titled Tuesday Blitz May 9 Early 2023"]
[White "Bethke, Richard"]
[Black "Ovetchkin, Roman"]
[WhiteFideId "12959243"]
[BlackFideId "4119991"]
[WhiteElo "2369"]
[BlackElo "2398"]
[Result "1-0"]
[Round "04"]
[TimeControl "180+2"]
[Date "2023.05.09"]
[WhiteClock "0:00:40"]
[BlackClock "0:00:00"]

1. e4 c6 2. Nf3 d5 3. Nc3 dxe4 4. Nxe4 Nf6 5. Qe2 Nxe4 6. Qxe4 Nd7 7. Bc4 Nf6 8. Ne5 e6 9. Qe2 b5 10. Bd3 Bd6 11. a4 Qc7 12. Nxc6 b4 13. Nd4 a6 14. Nf5 O-O 15. Nxd6 Qxd6 16. b3 e5 17. Bb2 e4 18. Bc4 Bg4 19. Qe3 Rad8 20. h3 Bh5 21. O-O Qxd2 22. Bxf6 gxf6 23. Qxe4 Rfe8 24. Qf5 Bg6 25. Qxf6 Rd6 26. Qf3 Qxc2 27. Rfe1 Rxe1+ 28. Rxe1 Kg7 29. Re8 Rf6 30. Qe3 Qc3 31. Qc5 Qc1+ 32. Kh2 Qf4+ 33. Kh1 Qc1+ 34. Kh2 Qf4+ 35. g3 Qxf2+ 36. Qxf2 Rxf2+ 37. Kg1 1-0


[Site "https://www.chess.com"]

[Event "Titled Tuesday Blitz May 9 Early 2023"]
[White "Aakanksha Hagawane"]
[Black "djokovic74"]
[WhiteFideId "25014510"]
[WhiteElo "2081"]
[BlackElo "2683"]
[Result "0-1"]
[Round "04"]
[TimeControl "180+2"]
[Date "2023.05.09"]
[WhiteClock "0:00:13"]
[BlackClock "0:00:11"]

1. e4 e6 2. d4 d5 3. Nc3 Nf6 4. e5 Nfd7 5. f4 c5 6. Nf3 Nc6 7. Be3 Be7 8. Qd2 O-O 9. Be2 a6 10. O-O b5 11. Nd1 cxd4 12. Nxd4 Nxd4 13. Bxd4 Qc7 14. c3 Nc5 15. Nf2 Bb7 16. Qe3 Ne4 17. Bd3 Nc5 18. Bc2 a5 19. Ng4 Ne4 20. Bxe4 dxe4 21. Nf6+ Kh8 22. Qh3 gxf6 23. exf6 Bc5 24. Rae1 Rg8 25. Re3 Bxd4 26. cxd4 Rg6 27. f5 exf5 28. Rxf5 Qc1+ 29. Rf1 Qd2 30. Kh1 Rag8 31. g3 Qxe3 0-1


[Site "https://www.chess.com"]

[Event "Titled Tuesday Blitz May 9 Early 2023"]
[White "brm72"]
[Black "Djokic, Mihailo"]
[BlackFideId "976440"]
[WhiteElo "2595"]
[BlackElo "2294"]
[Result "0-1"]
[Round "04"]
[TimeControl "180+2"]
[Date "2023.05.09"]
[WhiteClock "0:00:06"]
[BlackClock "0:00:51"]

1. e4 c5 2. Nf3 d6 3. d4 cxd4 4. Nxd4 Nf6 5. Nc3 g6 6. f3 Bg7 7. Be3 O-O 8. Qd2 Nc6 9. O-O-O Bd7 10. Kb1 Rc8 11. g4 Ne5 12. h4 Qa5 13. Be2 Rxc3 14. Qxc3 Qxc3 15. bxc3 Rc8 16. Kb2 Be8 17. h5 Nfd7 18. f4 Nc4+ 19. Bxc4 Rxc4 20. Rh3 Nc5 21. Bg1 Nxe4 22. hxg6 hxg6 23. f5 Bd7 24. Rf3 gxf5 25. gxf5 Bc6 26. Rh3 Bd5 27. Rhd3 Ra4 28. Nb3 Bc4 29. Rh3 Bxc3+ 30. Rxc3 Rxa2+ 31. Kxa2 Nxc3+ 32. Ka3 Nxd1 33. Bxa7 Bxb3 34. Kxb3 d5 35. Bd4 Kh7 36. Ka2 Kh6 37. Kb1 Kg5 38. f6 e5 39. Bxe5 Nf2 40. Kc1 Ne4 41. Kd1 Kf5 42. Bc7 Nxf6 43. Ke2 Ke4 44. Bd8 Nd7 45. Be7 Ne5 46. Bd6 f5 47. Bc7 f4 48. Bb8 f3+ 49. Kf2 Ng4+ 50. Kg3 Ne3 51. c3 Nd1 52. Bc7 Nxc3 0-1


[Site "https://www.chess.com"]

[Event "Titled Tuesday Blitz May 9 Early 2023"]
[White "Srihari L R"]
[Black "feuervogel1000000"]
[WhiteFideId "46617116"]
[WhiteElo "2334"]
[BlackElo "2446"]
[Result "0-1"]
[Round "04"]
[TimeControl "180+2"]
[Date "2023.05.09"]
[WhiteClock "0:00:01"]
[BlackClock "0:00:07"]

1. b3 e5 2. Bb2 Nc6 3. e3 Nf6 4. Bb5 e4 5. d4 d5 6. Nd2 a6 7. Be2 Ne7 8. c4 c6 9. h4 h5 10. Nh3 Bg4 11. Nf4 g6 12. f3 exf3 13. gxf3 Bc8 14. cxd5 cxd5 15. Nd3 Nf5 16. Nf1 Bh6 17. Bc1 Qe7 18. Kf2 O-O 19. Ne5 Nd7 20. f4 Nxe5 21. dxe5 d4 22. exd4 Rd8 23. Be3 Nxe3 24. Nxe3 Bxf4 25. Bf3 Bxe5 26. Nd5 Rxd5 27. Bxd5 Qf6+ 28. Kg2 Bxd4 29. Rc1 Bg4 30. Bf3 Bf5 31. Qe2 Rd8 32. Rcd1 Kg7 33. Rd2 Bb6 34. Rxd8 Bxd8 35. Qd2 Bc7 36. Qg5 Qe5 37. Qd2 Qg3+ 38. Kf1 Qxf3+ 39. Ke1 Bd3 40. Rg1 Bg3+ 41. Rxg3 Qf1# 0-1


[Site "https://www.chess.com"]

[Event "Titled Tuesday Blitz May 9 Early 2023"]
[White "Fernandez Garcia, Gumersindo"]
[Black "Matinian, Nikita"]
[WhiteFideId "24516740"]
[BlackFideId "24129100"]
[WhiteElo "2093"]
[BlackElo "2422"]
[Result "1-0"]
[Round "04"]
[TimeControl "180+2"]
[Date "2023.05.09"]
[WhiteClock "0:00:05"]
[BlackClock "0:00:00"]

1. e4 c5 2. Nf3 e6 3. c3 Nf6 4. e5 Nd5 5. d4 cxd4 6. cxd4 d6 7. Bc4 Nc6 8. O-O Be7 9. Qe2 O-O 10. Bd2 Bd7 11. Rd1 Rc8 12. Nc3 Ncb4 13. a3 Nxc3 14. Bxc3 Nd5 15. Bxd5 exd5 16. Bb4 Bg4 17. h3 Bh5 18. Rac1 Rxc1 19. Rxc1 Bxf3 20. Qxf3 dxe5 21. dxe5 Bxb4 22. axb4 Re8 23. Qc3 d4 24. Qc5 b6 25. Qd6 g6 26. Rd1 Qg5 27. Qxd4 Qxe5 28. Qxe5 Rxe5 29. Ra1 Re4 30. Rxa7 Rxb4 31. Ra2 h5 32. g3 g5 33. Kg2 Kg7 34. Kf3 f5 35. Ke3 h4 36. Kf3 Rb3+ 37. Kg2 hxg3 38. fxg3 Kf6 39. Kf2 Ke5 40. Kg2 b5 41. Kf2 Ke4 42. Kg2 b4 43. h4 gxh4 44. gxh4 Kf4 45. h5 Kg5 46. Ra5 Rxb2+ 47. Kf3 Rc2 48. Rb5 Rc3+ 49. Kf2 b3 50. h6 Rh3 51. h7 Rxh7 52. Kg2 1-0


[Site "https://www.chess.com"]

[Event "Titled Tuesday Blitz May 9 Early 2023"]
[White "Rosen, Eric"]
[Black "Koridze, Lile"]
[WhiteFideId "2032562"]
[BlackFideId "13612514"]
[WhiteElo "2331"]
[BlackElo "2047"]
[Result "1-0"]
[Round "04"]
[TimeControl "180+2"]
[Date "2023.05.09"]
[WhiteClock "0:00:05"]
[BlackClock "0:00:02"]

1. d4 Nf6 2. Bf4 d5 3. e3 e6 4. Nf3 Bd6 5. Ne5 O-O 6. Nd2 c5 7. c3 Nc6 8. Ndf3 Qc7 9. Bd3 h6 10. Bc2 b6 11. O-O Bb7 12. Re1 Ne4 13. Nxc6 Bxc6 14. Bxd6 Nxd6 15. Ne5 Rad8 16. Qd3 f5 17. b3 Bb5 18. Qd2 Rc8 19. Rac1 Qd8 20. f3 Qf6 21. Bd3 c4 22. Bf1 Rfd8 23. b4 Nf7 24. f4 Nd6 25. g3 Ne4 26. Qc2 a5 27. a4 Be8 28. b5 Qe7 29. Bg2 Nf6 30. Qb2 Qd6 31. h3 Kh7 32. Ra1 Bh5 33. Kh2 Be8 34. Bf3 Bg6 35. Rg1 h5 36. Qe2 Be8 37. Ra2 g6 38. Qd1 Kg7 39. Qa1 Bf7 40. Kg2 Rh8 41. Kf1 Be8 42. Rag2 Ne4 43. Bxe4 dxe4 44. Ke2 Qd5 45. Kd2 Kf6 46. Qb2 Ke7 47. Rh2 Kd8 48. Qa3 Bd7 49. Nxg6 Rg8 50. Ne7 1-0


[Site "https://www.chess.com"]

[Event "Titled Tuesday Blitz May 9 Early 2023"]
[White "electrosaw"]
[Black "Volkov, Maksim"]
[BlackFideId "54123070"]
[WhiteElo "2441"]
[BlackElo "2297"]
[Result "0-1"]
[Round "04"]
[TimeControl "180+2"]
[Date "2023.05.09"]
[WhiteClock "0:00:29"]
[BlackClock "0:00:17"]

1. e4 c5 2. Nf3 d6 3. Bb5+ Nd7 4. O-O a6 5. Bxd7+ Bxd7 6. d4 cxd4 7. Qxd4 Nf6 8. c4 e6 9. Nc3 Bc6 10. Be3 Be7 11. a4 O-O 12. Rfd1 Ng4 13. a5 Bf6 14. Qd3 Nxe3 15. Qxe3 Bxc3 16. bxc3 Qc7 17. Qf4 e5 18. Qh4 Rfd8 19. Ne1 f6 20. Nd3 Be8 21. Nb4 Qxc4 22. Nd5 Qc5 23. Rab1 Rab8 24. Rd3 Bg6 25. Rg3 Qxa5 26. Ne7+ Kf7 27. Nxg6 hxg6 28. Qh7 g5 29. Qh5+ Ke7 30. Qg6 Rg8 31. Rd1 Qc7 32. Rgd3 Rbd8 33. g3 Kf8 34. f4 gxf4 35. gxf4 exf4 36. Rf1 Qc5+ 37. Kh1 Qg5 38. Qxg5 fxg5 39. Rd5 Re8 40. Rxd6 Rxe4 41. Rb1 Re7 42. Rg6 Rh8 43. Rxg5 Rh3 44. Rf5+ Kg8 45. Rxf4 Rxc3 46. Rbf1 Rc8 47. h4 Rce8 48. Rg4 Re1 49. Rxe1 Rxe1+ 50. Kg2 Re3 51. h5 Kh7 52. Rg6 Ra3 53. Rb6 Ra5 54. h6 Rb5 55. Rxb5 axb5 56. hxg7 Kxg7 57. Kf3 Kf6 58. Ke3 Ke6 59. Kd4 Kd6 0-1


[Site "https://www.chess.com"]

[Event "Titled Tuesday Blitz May 9 Early 2023"]
[White "Gheorghiu, Calin"]
[Black "Martinez Ramirez, Lennis"]
[WhiteFideId "1200305"]
[BlackFideId "3509079"]
[WhiteElo "2223"]
[BlackElo "2410"]
[Result "0-1"]
[Round "04"]
[TimeControl "180+2"]
[Date "2023.05.09"]
[WhiteClock "0:00:00"]
[BlackClock "0:00:09"]

1. e4 c5 2. Nf3 Nc6 3. d4 cxd4 4. Nxd4 Nf6 5. Nc3 e5 6. Ndb5 d6 7. Nd5 Nxd5 8. exd5 Nb8 9. c4 Be7 10. Be2 O-O 11. O-O a6 12. Nc3 f5 13. f4 Nd7 14. fxe5 Nxe5 15. Be3 Bg5 16. Qd2 h6 17. Bxg5 Qxg5 18. Qxg5 hxg5 19. b4 Bd7 20. Rac1 Rfc8 21. Nb1 a5 22. a3 axb4 23. axb4 Ra2 24. Rf2 Rb2 25. g4 f4 26. h4 gxh4 27. g5 f3 28. Bf1 Rxb4 29. Nd2 Bg4 30. Ne4 Rd8 31. Kh1 Kh7 32. Rh2 Ng6 33. Bd3 Bf5 34. Nf2 Rf8 35. c5 Rd4 36. Bxf5 Rxf5 37. c6 bxc6 38. dxc6 Rc5 39. Rxc5 dxc5 40. c7 Ne7 41. g6+ Kxg6 42. Rh3 Rf4 43. Nd3 Rf5 44. Rxf3 Rxf3 45. Ne5+ Kf5 46. Nxf3 g5 47. Kg2 h3+ 48. Kg3 Nc8 49. Nd2 g4 50. Nc4 Ke6 51. Ne3 Ke5 52. Nxg4+ Kd4 53. Kxh3 c4 54. Nf2 c3 55. Nd1 c2 56. Ne3 Kxe3 0-1


[Site "https://www.chess.com"]

[Event "Titled Tuesday Blitz May 9 Early 2023"]
[White "Khumalo, Keith"]
[Black "Golubev, Mikhail"]
[WhiteFideId "14319470"]
[BlackFideId "14100983"]
[WhiteElo "2056"]
[BlackElo "2374"]
[Result "1-0"]
[Round "04"]
[TimeControl "180+2"]
[Date "2023.05.09"]
[WhiteClock "0:00:18"]
[BlackClock "0:00:00"]

1. d4 Nf6 2. c4 g6 3. Nc3 Bg7 4. e4 d6 5. Bd3 O-O 6. Nge2 Nc6 7. O-O Nh5 8. Be3 e5 9. d5 Ne7 10. f3 f5 11. exf5 gxf5 12. f4 Ng6 13. h3 Nhxf4 14. Nxf4 exf4 15. Bxf4 Nxf4 16. Rxf4 Qg5 17. Rf3 f4 18. Qc2 Bd4+ 19. Kh1 Qg7 20. Ne2 Bxb2 21. Raf1 Be5 22. Nxf4 Bd7 23. Ne6 Rxf3 24. Nxg7 Rxf1+ 25. Bxf1 Kxg7 26. Bd3 Rf8 27. g4 Rf3 28. Bf5 Bxf5 29. gxf5 Rxh3+ 30. Kg1 Kf6 31. Qe4 h5 32. Kf1 b6 33. a4 a5 34. Ke1 Rg3 35. Qh4+ Rg5 36. Ke2 Kxf5 37. Qh3+ Kg6 38. Qe6+ Bf6 39. Qe8+ Kh6 40. Qf8+ Bg7 41. Qf4 Kg6 42. Qe4+ Kh6 43. Qe6+ Rg6 44. Qe3+ Kh7 45. Qf3 Rh6 46. Qf5+ Kg8 47. Qc8+ Kh7 48. Qf5+ Kg8 49. Kd3 h4 50. Qh3 Kh8 51. Ke4 Kh7 52. Kf5 Rf6+ 53. Kg5 Rg6+ 54. Kf5 Rh6 55. Kg5 Rg6+ 56. Kf4 Rf6+ 57. Ke4 Rh6 58. Kf3 Kh8 59. Kg2 Rg6+ 60. Kh1 Bf6 61. Qd7 Rg7 62. Qe6 Be5 63. Qh6+ Kg8 64. Qe6+ Kh8 65. Qf5 h3 66. Qf8+ Kh7 67. Qf5+ Kh8 68. Qc8+ Kh7 69. Qxh3+ Kg8 70. Qe6+ Kh8 71. Qf5 Kg8 72. Qb1 Kh8 73. Qb5 Kg8 74. c5 bxc5 75. Qxa5 c4 76. Qa8+ Kh7 77. Qc6 c3 78. a5 Rf7 79. Kg2 Rg7+ 80. Kf3 Rf7+ 81. Ke2 Rg7 82. Qc4 Rg2+ 83. Kf3 Rd2 84. a6 c2 85. a7 Bb2 86. a8=Q c1=Q 87. Qh4+ Kg7 88. Qah8+ 1-0


[Site "https://www.chess.com"]

[Event "Titled Tuesday Blitz May 9 Early 2023"]
[White "Korchmar, Vasiliy"]
[Black "Van Dael, Siem"]
[WhiteFideId "24131750"]
[BlackFideId "1049771"]
[WhiteElo "2370"]
[BlackElo "2336"]
[Result "1-0"]
[Round "04"]
[TimeControl "180+2"]
[Date "2023.05.09"]
[WhiteClock "0:01:01"]
[BlackClock "0:00:00"]

1. e4 c5 2. Nf3 d6 3. d4 cxd4 4. Nxd4 Nf6 5. Nc3 g6 6. Be3 Bg7 7. f3 O-O 8. Qd2 Nc6 9. O-O-O d5 10. exd5 Nxd5 11. Nxc6 bxc6 12. Bd4 Bxd4 13. Qxd4 Qb6 14. Na4 Qc7 15. h4 h5 16. Bc4 Rd8 17. Bb3 Bf5 18. g4 hxg4 19. fxg4 e5 20. Qg1 Be4 21. Rh2 Nf4 22. Rxd8+ Rxd8 23. Nc5 Bf3 24. c3 Ne2+ 25. Rxe2 Bxe2 26. h5 e4 27. hxg6 Qf4+ 28. Kb1 e3 29. gxf7+ Kh7 30. Qh1+ Kg6 31. Qh5+ Kf6 32. Qh4+ Kg6 33. Qxd8 Qf1+ 34. Kc2 1-0


[Site "https://www.chess.com"]

[Event "Titled Tuesday Blitz May 9 Early 2023"]
[White "Wieczorek, Oskar"]
[Black "Gatterer, Florian"]
[WhiteFideId "1133950"]
[BlackFideId "811688"]
[WhiteElo "2418"]
[BlackElo "2221"]
[Result "1-0"]
[Round "04"]
[TimeControl "180+2"]
[Date "2023.05.09"]
[WhiteClock "0:00:06"]
[BlackClock "0:00:00"]

1. e4 c5 2. Nf3 e6 3. g3 Nc6 4. Bg2 Nf6 5. Qe2 e5 6. c3 Be7 7. O-O O-O 8. d3 h6 9. Na3 d6 10. Nc4 b5 11. Ne3 Be6 12. Nh4 d5 13. exd5 Nxd5 14. Nxd5 Bxd5 15. Bxd5 Qxd5 16. Nf5 Bf6 17. a4 b4 18. Qe4 Rfd8 19. Be3 bxc3 20. bxc3 Ne7 21. Nxe7+ Bxe7 22. Rfd1 Rac8 23. a5 a6 24. Qc4 Qc6 25. Rab1 Rb8 26. Qe4 Qxe4 27. dxe4 Rxd1+ 28. Rxd1 Rb5 29. Rd7 Bf6 30. Rc7 Rxa5 31. Bxc5 Ra1+ 32. Kg2 a5 33. Ra7 Rc1 34. Rxa5 Rxc3 35. Be3 Rc4 36. Kf3 h5 37. h4 g6 38. Ra8+ Kg7 39. Ra7 Rc3 40. Rd7 Rb3 41. Ke2 Rb2+ 42. Bd2 Ra2 43. Kf3 Ra3+ 44. Be3 Rb3 45. Rd6 Ra3 46. Rc6 Rb3 47. Kg2 Rd3 48. Bc5 Rd1 49. Rc8 Kh7 50. Rc7 Kg7 51. Be3 Rd3 52. Kf1 Rb3 53. Rd7 Rc3 54. Kg2 Rb3 55. Rd5 Rc3 56. Bc5 Rb3 57. Bd6 1-0


[Site "https://www.chess.com"]

[Event "Titled Tuesday Blitz May 9 Early 2023"]
[White "Rangel, Daniel"]
[Black "Girya, Olga"]
[WhiteFideId "2124475"]
[BlackFideId "4195752"]
[WhiteElo "2256"]
[BlackElo "2263"]
[Result "0-1"]
[Round "04"]
[TimeControl "180+2"]
[Date "2023.05.09"]
[WhiteClock "0:00:00"]
[BlackClock "0:00:13"]

1. c4 Nf6 2. g3 e5 3. Bg2 Nc6 4. Nf3 Bc5 5. O-O d6 6. Nc3 a5 7. e3 O-O 8. d4 Bb6 9. Nd5 Ba7 10. b3 Bg4 11. h3 Bh5 12. dxe5 Nxe5 13. Bb2 Nxd5 14. Qxd5 c6 15. Qd1 Qf6 16. g4 Nxf3+ 17. Qxf3 Qxb2 18. gxh5 h6 19. Kh1 f5 20. Rg1 Rae8 21. Rad1 Bc5 22. Qg3 f4 23. Qg6 fxe3 24. fxe3 Qe5 25. Rgf1 Rxf1+ 26. Rxf1 Rf8 27. Rxf8+ Kxf8 28. Qe4 Bxe3 29. Qxe5 dxe5 30. Be4 Ke7 31. Kh2 Kd6 32. Kg3 Kc5 33. Kf3 Bf4 34. Bg6 Kb4 35. Bf7 c5 36. Be8 Ka3 37. Ba4 Kxa2 38. Ke4 Ka3 39. Kf3 Kb4 40. Ke4 Bh2 41. Kf5 b5 42. cxb5 c4 43. b6 cxb3 44. Ke4 Bg1 45. b7 Ba7 0-1


[Site "https://www.chess.com"]